 Dungeon Crawl Stone Soup version 0.21.1-1-g345015f (webtiles) character file.

11116 Gremour the Carver (level 11, 99/99 HPs)
             Began as a Minotaur Fighter on Apr 5, 2018.
             Was a High Priest of the Shining One.
             Got out of the dungeon alive.
             The game lasted 00:48:09 (10835 turns).

Gremour the Carver (Minotaur Fighter)              Turns: 10835, Time: 00:48:09

Health: 99/99      AC: 12    Str: 27    XL:     11   Next: 45%
Magic:  12/12      EV:  9    Int:  5    God:    the Shining One [*****.]
Gold:   579        SH: 12    Dex: 12    Spells: 8/10 levels left

rFire    . . .     SeeInvis .   a - +2 long sword
rCold    . . .     Gourm    .   c - +0 shield
rNeg     + + .     Faith    .   t - +2 scale mail {MR+}
rPois    .         Spirit   .   (helmet restricted)
rElec    .         Reflect  .   (no cloak)
rCorr    +         Harm     .   g - +0 pair of gloves
MR       +....                  (no boots)
Stlth    ..........             (no amulet)
HPRegen  0.26/turn              m - +5 ring of strength
MPRegen  0.13/turn              E - ring of resist corrosion

@: glowing
A: retaliatory headbutt, horns 2
a: Divine Shield, Cleansing Flame, Summon Divine Warrior, Renounce Religion


You escaped.
You worshipped the Shining One.
The Shining One was extremely pleased with you.
You were very hungry.

You visited 1 branch of the dungeon, and saw 10 of its levels.

You collected 579 gold pieces.

Inventory:

Hand Weapons
 a - a +2 long sword (weapon)
 b - a +3 falchion
 x - the +7 short sword "Concordance" {venom, rF- Int+5}
   (You found it on level 5 of the Dungeon)

   It poisons the flesh of those it strikes.
   It affects your intelligence (+5).
   It makes you vulnerable to fire.
Missiles
 I - 2 tomahawks of dispersal (quivered)
Armour
 c - a +0 shield (worn)
 g - a +0 pair of gloves (worn)
 t - a +2 scale mail of magic resistance (worn)
Jewellery
 m - a +5 ring of strength (left hand)
 y - an uncursed ring of protection from cold
 z - an uncursed ring of flight
 E - a ring of resist corrosion (right hand)
Wands
 s - a wand of paralysis (8)
 u - a wand of flame (97)
 w - a wand of polymorph (13)
 F - a wand of acid (14)
 G - a wand of iceblast (25)
 K - a wand of digging (14)
Scrolls
 d - 2 scrolls of immolation {unknown}
 e - 10 scrolls of teleportation {unknown}
 h - 2 scrolls of enchant weapon {unknown}
 i - 12 scrolls of identify
 j - 3 scrolls of magic mapping {unknown}
 o - a scroll of blinking {unknown}
 r - 3 scrolls of remove curse {unknown}
 A - 2 scrolls of fog {unknown}
 L - a scroll of fear {unknown}
Potions
 k - a potion of invisibility
 l - a potion of brilliance
 n - 2 potions of resistance
 p - 4 potions of heal wounds
 q - 2 potions of mutation
 v - 3 potions of curing
 B - a potion of degeneration {unknown}
 C - a potion of flight {unknown}
 D - a potion of might
 M - a potion of cancellation {unknown}
Books
 J - the Compendium of Cloudy Moulding
   (You found it on level 8 of the Dungeon)

   Spells                             Type                      Level
   a - Swiftness                      Charms/Air                   2
   b - Poisonous Vapours              Poison/Air                   2
   c - Static Discharge               Conjuration/Air              3
   d - Ice Form                       Ice/Transmutation            4
   e - Tornado                        Air                          9
Miscellaneous
 H - a phantom mirror
 O - a sack of spiders
Comestibles
 f - 22 rations


   Skills:
 * Level 10.1 Fighting
 + Level 13.7 Long Blades
 + Level 10.1 Armour
 * Level 10.0 Shields
 * Level 2.9 Invocations


You had 8 spell levels left.
You knew the following spells:

 Your Spells              Type           Power        Failure   Level  Hunger
a - Swiftness             Chrm/Air       #.......     96%         2    ###....


Dungeon Overview and Level Annotations

Branches:
Dungeon (10/15)            Temple (0/1) D:4            Lair (0/6) D:9
    Orc: D:9-12

Altars:
Cheibriados
Dithmenos
Elyvilon
Hepliaklqana
Nemelex Xobeh
Qazlal
Trog
Uskayaw
Xom
The Shining One


Innate Abilities, Weirdness & Mutations

You reflexively headbutt those who attack you in melee.
You have a pair of horns on your head.


Message History

You climb upwards.
There is a stone staircase leading down here.
There is a large open door here.
There is a large open door here.
You see here a dagger.
You see here a spear.
There is an open door here.
There is a stone staircase leading down here.
There is a stone staircase leading up here.
You climb upwards.
There is a stone staircase leading down here.
There is a stone staircase leading up here.
You climb upwards.
There is a stone staircase leading down here.
You are feeling very hungry.
(D) Dungeon (T) Temple (L) Lair
Where to? (Enter - D:1 @ (x,y), ? - help)
There is a staircase leading out of the dungeon here.
Are you sure you want to leave the Dungeon?
This will make you lose the game!
You have escaped!

########### #.........# ### #
#.#######.###.##
###.#######.##.#@####
....................#####
###(#...................#
.........##.###.###.###.#########
###..#.#.##.###.###.# #.........#
###.###..##.......#.# #..######.#
...## ##.....##.#.#.# #.........#
.##.###...#.###.#.#.# ##.###....^
.##..#..#.#.##....#.# #.# #.....


There were no monsters in sight!

Vanquished Creatures
  3 two-headed ogres
  A centaur warrior (D:8)
  Pikel (D:7)
  A komodo dragon (D:10)
  Grinder (D:4)
  A queen bee (D:8)
  The ghost of iamserjio the Cutter, an amateur OpMo (D:4)
  4 hippogriffs
  Sigmund (D:3)
  A wyvern (D:10)
  5 yaks (D:10)
  3 wargs (D:9)
  Edmund (D:4)
  An ice beast (D:8)
  3 sky beasts
  2 orc warriors (D:6)
  A black bear (D:6)
  4 ogres
  A phantom (D:9)
  5 centaurs
  Blork the orc (D:5)
  3 bullfrogs
  A water moccasin skeleton (D:7)
  5 scorpions
  16 killer bees (D:8)
  19 wights
  4 howler monkeys
  A centaur zombie (D:7)
  4 crimson imps
  A quasit (D:10)
  A bullfrog zombie (D:6)
  3 hounds
  2 jellies
  2 orc priests
  3 orc wizards
  2 bullfrog skeletons
  A centaur skeleton (D:7)
  8 iguanas
  Jessica (D:7)
  Ijyb (D:3)
  Terence (D:3)
  9 worker ants
  A hound zombie (D:6)
  A worker ant zombie (D:7)
  13 adders
  3 gnolls (D:6)
  2 shadow imps
  2 oozes
  2 adder zombies
  2 worms
  2 leopard geckos
  9 orcs
  4 giant cockroaches
  11 goblins
  10 hobgoblins
  9 jackals
  2 quokkas
  A ball python (D:2)
  8 bats
  3 frilled lizards
  A jackal skeleton (D:6)
  8 kobolds
  3 leopard gecko skeletons
  A leopard gecko zombie (D:6)
  2 quokka skeletons
  A quokka zombie (D:9)
  12 rats
243 creatures vanquished.

Vanquished Creatures (collateral kills)
  A wraith (D:10)
  A leopard gecko (D:10)
2 creatures vanquished.

Vanquished Creatures (others)
  Menkaure (D:7)
  A worker ant (D:7)
  An adder (D:7)
  A leopard gecko (D:7)
  An orc (D:7)
  A quokka (D:7)
6 creatures vanquished.

Grand Total: 251 creatures vanquished

Notes
Turn   | Place    | Note
-------+----------+-------------------------------------------
     0 | D:1      | Gremour the Minotaur Fighter began the quest for the Orb.
     0 | D:1      | Reached XP level 1. HP: 19/19 MP: 0/0
   196 | D:1      | Found a glowing golden altar of the Shining One.
   203 | D:1      | Became a worshipper of the Shining One
   303 | D:1      | Reached XP level 2. HP: 23/27 MP: 1/1
   330 | D:1      | Reached skill level 3 in Long Blades
  1104 | D:2      | Found a faded altar of an unknown god.
  1144 | D:2      | Reached XP level 3. HP: 33/33 MP: 2/2
  1582 | D:2      | Reached skill level 4 in Long Blades
  2102 | D:3      | Reached XP level 4. HP: 32/40 MP: 3/3
  2160 | D:3      | Reached skill level 5 in Long Blades
  2174 | D:3      | Reached * piety under the Shining One
  2174 | D:3      | Reached skill level 6 in Long Blades
  2174 | D:3      | Reached XP level 5. HP: 34/46 MP: 4/4
  2473 | D:3      | Reached skill level 7 in Long Blades
  2581 | D:3      | Found a snail-covered altar of Cheibriados.
  2596 | D:3      | Noticed Sigmund
  2618 | D:3      | Killed Sigmund
  2618 | D:3      | Reached skill level 8 in Long Blades
  2618 | D:3      | Reached XP level 6. HP: 38/52 MP: 5/5
  2658 | D:3      | Noticed Terence
  2666 | D:3      | Killed Terence
  2724 | D:3      | Noticed Ijyb
  2727 | D:3      | Paralysed by Ijyb for 2 turns
  2736 | D:3      | Killed Ijyb
  3058 | D:4      | Reached XP level 7. HP: 53/58 MP: 6/6
  3121 | D:4      | Found a bloodstained altar of Trog.
  3122 | D:4      | Noticed Grinder
  3127 | D:4      | Reached skill level 9 in Long Blades
  3152 | D:4      | Killed Grinder
  3152 | D:4      | Reached skill level 10 in Long Blades
  3368 | D:4      | Noticed iamserjio's ghost (amateur OpMo)
  3384 | D:4      | Killed iamserjio's ghost
  3686 | D:4      | Found a staircase to the Ecumenical Temple.
  3799 | D:4      | Noticed Edmund
  3811 | D:4      | Killed Edmund
  3811 | D:4      | Reached skill level 11 in Long Blades
  3811 | D:4      | Reached XP level 8. HP: 61/66 MP: 7/7
  3887 | D:4      | Reached ** piety under the Shining One
  4394 | D:5      | Entered Level 5 of the Dungeon
  4399 | D:5      | Noticed Blork the orc
  4406 | D:5      | Killed Blork the orc
  4517 | D:5      | Found a hazy altar of Hepliaklqana.
  4538 | D:5      | Found a shadowy altar of Dithmenos.
  4691 | D:5      | Found a white marble altar of Elyvilon.
  4758 | D:5      | Reached skill level 12 in Long Blades
  4902 | D:5      | Got a crystal short sword
  4903 | D:5      | Identified the +7 short sword "Concordance" {venom, rF- Int+5} (You found it on level 5 of the Dungeon)
  5250 | D:6      | Reached skill level 5 in Armour
  5392 | D:6      | Reached skill level 5 in Shields
  5573 | D:6      | Found a bloodstained altar of Trog.
  5578 | D:6      | Reached XP level 9. HP: 62/73 MP: 8/8
  5729 | D:6      | Reached skill level 5 in Fighting
  6269 | D:7      | Noticed Pikel
  6285 | D:7      | Killed Pikel
  6288 | D:7      | Noticed Menkaure
  6297 | D:7      | Killed Menkaure
  6343 | D:7      | Reached *** piety under the Shining One
  6629 | D:7      | Noticed Jessica
  6635 | D:7      | Found a sparkling altar of Nemelex Xobeh.
  6641 | D:7      | Killed Jessica
  6767 | D:7      | Reached **** piety under the Shining One
  6851 | D:7      | Reached XP level 10. HP: 86/86 MP: 9/9
  8024 | D:8      | Found a shimmering altar of Xom.
  8096 | D:8      | Reached ***** piety under the Shining One
  8128 | D:8      | Noticed a two-headed ogre
  8136 | D:8      | Killed a two-headed ogre
  8136 | D:8      | Reached skill level 13 in Long Blades
  8219 | D:8      | Found a stormy altar of Qazlal.
  8219 | D:8      | Found a hide-covered altar of Uskayaw.
  8509 | D:8      | Noticed a centaur warrior
  8517 | D:8      | Killed a centaur warrior
  8517 | D:8      | Reached skill level 1 in Invocations
  8521 | D:8      | Identified the Compendium of Cloudy Moulding
  8532 | D:8      | Learned a level 2 spell: Swiftness
  8623 | D:9      | Noticed a two-headed ogre
  8629 | D:9      | Killed a two-headed ogre
  8629 | D:9      | Reached XP level 11. HP: 57/97 MP: 9/11
  8880 | D:9      | Found a staircase to the Lair.
  8899 | D:9      | Reached skill level 10 in Armour
  9645 | D:10     | Entered Level 10 of the Dungeon
  9864 | D:10     | Noticed a two-headed ogre
  9873 | D:10     | Killed a two-headed ogre
 10176 | D:10     | Reached skill level 10 in Fighting
 10291 | D:10     | Reached skill level 10 in Shields
 10835 | D:$      | Got out of the dungeon alive.

Skill      XL: |  1  2  3  4  5  6  7  8  9 10 11 |
---------------+----------------------------------+-----
Long Blades    | 3 4 6 8 11 12 13 | 13.7
Armour         | 6 8 9 10 | 10.1
Shields        | 5 7 9 10 | 10.0
Fighting       | 4 7 9 10 | 10.1
Invocations    | 1 2 |  2.9

Action                   |  1- 3 |  4- 6 |  7- 9 | 10-12 || total
-------------------------+-------+-------+-------+-------++-------
Melee: Long sword        |    87 |    77 |   257 |   262 ||   683
       Headbutt          |    10 |    15 |    69 |    64 ||   158
       Falchion          |       |       |    19 |    25 ||    44
Evoke: Sack of spiders   |       |       |       |     1 ||     1
  Use: Potion            |       |       |     3 |     1 ||     4
       Scroll            |       |       |     3 |       ||     3
  Eat: Chunk             |     4 |     2 |     7 |     4 ||    17
       Ration            |       |       |     2 |     2 ||     4
Armor: Scale mail        |    48 |    26 |    65 |    84 ||   223
Dodge: Dodged            |    28 |    18 |    60 |    64 ||   170
Block: Shield            |    44 |    25 |    98 |   126 ||   293
       Rpst.: Long sword |     4 |     4 |     9 |    12 ||    29
       Falchion          |       |       |     1 |       ||     1
